 Dungeon Crawl Stone Soup version 0.28.0 (webtiles) character file.

Game seed: 15841994201766640638

23 Prodoman the Magician (level 2, -1/19 HPs)
             Began as a Demonspawn Hedge Wizard on Feb 4, 2022.
             Slain by a worm (6 damage)
             ... on level 2 of the Dungeon.
             The game lasted 00:03:27 (1485 turns).

Prodoman the Magician (Demonspawn Hedge Wizard)     Turns: 1485, Time: 00:03:29

Health: -1/19      AC:  2    Str: 10    XL:     2   Next: 75%
Magic:  0/6        EV: 12    Int: 15    God:
Gold:   99         SH:  0    Dex: 12    Spells: 6/7 levels left

rFire   . . .      SeeInvis .   a - +0 dagger
rCold   . . .      Faith    .   (no shield)
rNeg    . . .      Spirit   .   b - +0 robe
rPois   .          Reflect  .   c - +0 hat
rElec   .          Harm     .   (no cloak)
rCorr   .          Rampage  .   (no gloves)
Will    .....                   (no boots)
Stlth   ++........              (no amulet)
HPRegen 0.06/turn               (no ring)
MPRegen 0.10/turn               (no ring)

@: no status effects
A: demonic touch 1
a: no special abilities


You were on level 2 of the Dungeon.
You visited 1 branch of the dungeon, and saw 2 of its levels.

You collected 99 gold pieces.

Inventory:

Hand Weapons
 a - a +0 dagger (weapon)
Armour
 b - a +0 robe (worn)
 c - a +0 hat (worn)
Scrolls
 d - a scroll of identify {unknown}
 e - a scroll of fog {unknown}
Potions
 f - a potion of curing {unknown}


   Skills:
 + Level 2.1 Dodging
 + Level 2.1 Stealth
 * Level 3.4 Spellcasting
 - Level 1.1 Conjurations
 - Level 1.1 Summonings
 - Level 1.0 Translocations


You had 6 spell levels left.
You knew the following spells:

 Your Spells              Type           Power      Damage    Failure   Level
a - Magic Dart            Conj           20%        1d4       12%         1

Your spell library contained the following spells:

 Spells                   Type           Power      Damage    Failure   Level
 Slow                     Hex            8%         N/A       19%         1
 Blink                    Tloc           10%        N/A       19%         2
 Call Imp                 Summ           5%         N/A       19%         2
 Corpse Rot               Necr/Air       4%         N/A       28%         2
 Poisonous Vapours        Pois/Air       4%         N/A       28%         2
 Conjure Flame            Conj/Fire      4%         6-21      43%         3
 Mephitic Cloud           Conj/Pois/Air  3%         N/A       45%         3


Dungeon Overview and Level Annotations

Branches:
Dungeon (2/15)

Altars:


Innate Abilities, Weirdness & Mutations

Your touch may inflict minor irresistible damage on your foes.


Message History

Casting: Magic Dart (safe; 12% risk of failure)
Confirm with . or Enter, or press ? or * to list all spells.
Aiming: Magic Dart (safe; 12% risk of failure)
Press: ? - help, Shift-Dir - straight line, f/p - worm
Aim: a worm (lightly wounded, 100% to hit)
The magic dart hits the worm.
The worm is moderately wounded.
Casting: Magic Dart (safe; 12% risk of failure)
Confirm with . or Enter, or press ? or * to list all spells.
Aiming: Magic Dart (safe; 12% risk of failure)
Press: ? - help, Shift-Dir - straight line, f/p - worm
Aim: a worm (lightly wounded, 100% to hit)
The magic dart hits the worm but does no damage.
The worm is lightly wounded.
The worm bites you!
Ouch! That really hurt!
Hit: a) +0 dagger
Press: ? - help, Dir - move target, f/p - worm
Aim: a worm (lightly wounded, about 21% to evade your +0 dagger)
You hit the worm.
You touch the worm.
The worm is heavily wounded.
Hit: a) +0 dagger
Press: ? - help, Dir - move target, f/p - worm
Aim: a worm (heavily wounded, about 21% to evade your +0 dagger)
You hit the worm.
The worm is heavily wounded.
The worm bites you.
* * * LOW HITPOINT WARNING * * *
Hit: a) +0 dagger
Press: ? - help, Dir - move target, f/p - worm
Aim: a worm (heavily wounded, about 21% to evade your +0 dagger)
You hit the worm.
You touch the worm.
The worm is severely wounded.
Hit: a) +0 dagger
Press: ? - help, Dir - move target, f/p - worm
Aim: a worm (severely wounded, about 21% to evade your +0 dagger)
You hit the worm but do no damage.
The worm is severely wounded.
The worm bites you.
You die...

..........#..#..##.#....##....#
..........####.................
................###............
######........................
#####...#.........###....#......#
............(.....# #....#####..#
.................## ###### #...
.............##'###### ##+#.
........(....##.@....# #....
.............#...w...... #....
.........#..##+##....... #....
............# ....... #....
.....#......# #...... #....
#....#....(## ...... #....
#....#....## #..#.. .....
....##....# ..... ...###
....##....#


You could see a worm.

Vanquished Creatures
  A dart slug (D:1)
  3 ball pythons
  2 bats (D:1)
  An endoplasm (D:2)
  A giant cockroach (D:1)
  3 goblins
  2 hobgoblins (D:1)
  5 kobolds (D:1)
  3 rats (D:1)
21 creatures vanquished.

Notes
Turn   | Place    | Note
-------+----------+-------------------------------------------
     0 | D:1      | Prodoman the Demonspawn Hedge Wizard began the quest for
                  | the Orb.
     0 | D:1      | Reached XP level 1. HP: 13/13 MP: 4/4
    96 | D:1      | Reached skill level 1 in Translocations
   346 | D:1      | Gained mutation: Your touch may inflict minor irresistible
                  | damage on your foes. [demonic ancestry]
   346 | D:1      | Reached XP level 2. HP: 19/19 MP: 0/6
   417 | D:1      | Found a faded altar of an unknown god.
   421 | D:1      | You fall into a shaft and drop 1 floor!
  1485 | D:2      | Slain by a worm

Illustrated notes

Levels and vault maps discovered:
D:1:      onia_arrival_mini_spirals, layout_loops_ring,
          shapermc_ecumenical_altar_starsandcircs
D:2:      layout_basic, corexii_shack, minmay_goblin_kobold_house

Skill      XL: |  1  2 |
---------------+-------+-----
Translocations | 1 |  1.0
Stealth        | 2 |  2.1
Dodging        | 2 |  2.1
Spellcasting   | |  3.4
Conjurations   | |  1.1
Summonings     | |  1.1

Action                   || total
-------------------------++-------
Melee: Dagger            ||    16
       Touch             ||     3
 Cast: Magic Dart        ||    51
Armor: Robe              ||     1
Dodge: Dodged            ||     8
